 Dungeon Crawl Stone Soup version 0.21.1-1-g345015f (webtiles) character file.

5054 wojtek the Cleaver (level 10, -5/92 HPs)
             Began as a Minotaur Fighter on Apr 6, 2018.
             Was a Priest of Makhleb.
             Slain by a queen bee (13 damage)
             ... on level 8 of the Dungeon.
             The game lasted 00:11:24 (8343 turns).

wojtek the Cleaver (Minotaur Fighter)               Turns: 8343, Time: 00:11:25

Health: -5/92      AC: 13    Str: 23    XL:     10   Next: 31%
Magic:  9/9        EV:  9    Int:  5    God:    Makhleb [***...]
Gold:   486        SH:  9    Dex: 11    Spells: 9/9 levels left

rFire    . . .     SeeInvis .   a - +0 war axe
rCold    + . .     Gourm    .   c - +0 shield
rNeg     . . .     Faith    .   b - +0 chain mail
rPois    .         Spirit   .   (helmet restricted)
rElec    .         Reflect  .   (no cloak)
rCorr    .         Harm     .   (no gloves)
MR       .....                  i - +0 pair of boots
Stlth    ..........             (no amulet)
HPRegen  0.25/turn              l - ring of stealth
MPRegen  0.11/turn              x - ring of protection from cold

@: lethally poisoned (-5 -> -41)
A: retaliatory headbutt, horns 2
a: Minor Destruction, Lesser Servant of Makhleb, Renounce Religion


You were on level 8 of the Dungeon.
You worshipped Makhleb.
Makhleb was most pleased with you.
You were near starving.

You visited 2 branches of the dungeon, and saw 10 of its levels.

You collected 486 gold pieces.

Inventory:

Hand Weapons
 a - a +0 war axe (weapon)
Missiles
 y - 2 throwing nets (quivered)
Armour
 b - a +0 chain mail (worn)
 c - a +0 shield (worn)
 i - a +0 pair of boots (worn)
 s - a +1 ring mail of cold resistance
 z - a +0 plate armour
 F - a +2 scale mail of poison resistance
 H - +0 steam dragon scales
Jewellery
 l - a ring of stealth (left hand)
 u - an uncursed ring of ice
 x - a ring of protection from cold (right hand)
 A - a cursed ring of teleportation {unknown}
 D - an uncursed ring of protection from fire {unknown}
Wands
 v - a wand of disintegration (19)
 E - a wand of random effects (18)
Scrolls
 g - a scroll of noise {unknown}
 h - 6 scrolls of identify {unknown}
 k - 6 scrolls of remove curse
 m - 2 scrolls of magic mapping {unknown}
 n - 5 scrolls of fog {unknown}
 o - 2 scrolls of immolation {unknown}
 p - 3 scrolls of teleportation
 t - 2 scrolls of enchant weapon {unknown}
 w - a scroll of fear {unknown}
 C - 5 scrolls of amnesia {unknown}
Potions
 d - 2 potions of might
 e - 6 potions of curing
 j - 4 potions of heal wounds
 q - a potion of resistance {unknown}
 r - a potion of degeneration {unknown}
 B - a potion of brilliance {unknown}
Books
 G - the Compendium of Beguiling and the Snowflakes
   (You found it on level 8 of the Dungeon)

   Spells                             Type                      Level
   a - Ensorcelled Hibernation        Hexes/Ice                    2
   b - Leda's Liquefaction            Hexes/Earth                  4
   c - Simulacrum                     Ice/Necromancy               6
   d - Discord                        Hexes                        8
Comestibles
 f - 13 rations


   Skills:
 + Level 9.7 Fighting
 + Level 10.5 Axes
 + Level 9.8 Armour
 + Level 7.2 Dodging
 - Level 3.6 Shields


You had 9 spell levels left.
You didn't know any spells.

Dungeon Overview and Level Annotations

Branches:
Dungeon (9/15)             Temple (1/1) D:4
   Lair: D:8-11         Orc: D:9-12

Altars:
Ashenzari
Cheibriados
Elyvilon
Fedhas
Hepliaklqana
Kikubaaqudgha
Makhleb
Okawaru
Sif Muna
Trog
Vehumet
Wu Jian
Yredelemnul
The Shining One

Shops:
D:4 [(


Innate Abilities, Weirdness & Mutations

You reflexively headbutt those who attack you in melee.
You have a pair of horns on your head.


Message History

The queen bee stings you!
You are lethally poisoned!
The queen bee poisons you!
You barely miss the queen bee.
The queen bee is heavily wounded.
You feel very sick.
The queen bee stings you but does no damage.
You completely miss the queen bee.
The queen bee is heavily wounded.
* * * LOW HITPOINT WARNING * * *
You feel very sick. The queen bee stings you!
* * * LOW HITPOINT WARNING * * *
You slash the queen bee!
You headbutt the queen bee, but do no damage.
The queen bee is severely wounded.
* * * LOW HITPOINT WARNING * * *
You feel very sick. The queen bee stings you!
You die...

..## #.......## #(.##
#........# #...##
#........## ###....
#.........########......
.#......................
........................
......y.................
.......@............####
#..................## #
##..#..............# #.
######..#####..# ##.#
##.## #.# #..# #.# ##.#
#.# ### #.#


You could see a queen bee.

Vanquished Creatures
  A two-headed ogre (D:8)
  Grinder (D:4)
  A steam dragon (D:8)
  2 insubstantial wisps (D:8)
  Duvessa (D:5)
  A phantom (D:4)
  3 ice beasts
  4 sky beasts
  2 ogres
  A black bear (D:6)
  3 centaurs
  3 bullfrogs
  A big kobold (D:4)
  Dowan (D:5)
  A water moccasin zombie (D:6)
  2 water moccasin skeletons
  18 killer bees (D:8)
  A centaur zombie (D:6)
  3 crimson imps
  A hound (D:6)
  A jelly (D:5)
  2 quasits
  3 orc priests (D:3)
  4 bullfrog zombies
  6 orc wizards
  4 bullfrog skeletons (D:6)
  An iguana (D:9)
  6 worker ants
  A killer bee zombie (D:6)
  4 hound zombies (D:6)
  A hound skeleton (D:6)
  Robin (D:2)
  A worker ant zombie (D:6)
  10 adders
  10 gnolls
  A shadow imp (D:6)
  2 adder zombies
  3 worms
  2 dart slugs (D:2)
  6 leopard geckos
  16 orcs
  4 bats
  A giant cockroach (D:3)
  12 goblins
  10 hobgoblins
  13 jackals
  2 quokkas
  7 frilled lizards
  27 kobolds
  2 leopard gecko zombies (D:6)
  A quokka skeleton (D:8)
  A quokka zombie (D:5)
  6 rats
  2 plants (D:4)
224 creatures vanquished.

Notes
Turn   | Place    | Note
-------+----------+-------------------------------------------
     0 | D:1      | wojtek the Minotaur Fighter began the quest for the Orb.
     0 | D:1      | Reached XP level 1. HP: 19/19 MP: 0/0
    63 | D:1      | Reached skill level 3 in Axes
   207 | D:1      | Reached XP level 2. HP: 23/26 MP: 1/1
   389 | D:2      | Noticed Robin
   393 | D:2      | Reached skill level 4 in Axes
   403 | D:2      | Reached XP level 3. HP: 31/31 MP: 2/2
   428 | D:2      | Killed Robin
   704 | D:2      | Reached skill level 5 in Axes
   915 | D:2      | Reached XP level 4. HP: 39/39 MP: 3/3
   960 | D:2      | Found a shattered altar of Ashenzari.
  1766 | D:3      | Reached XP level 5. HP: 46/46 MP: 4/4
  1864 | D:3      | Reached skill level 6 in Axes
  2025 | D:3      | Reached XP level 6. HP: 46/53 MP: 5/5
  2381 | D:4      | Found a staircase to the Ecumenical Temple.
  2402 | D:4      | Reached skill level 5 in Fighting
  2402 | D:4      | Reached skill level 5 in Armour
  2409 | D:4      | HP: 1/56 [poisoned by an orc wizard]
  2935 | Temple   | Entered the Ecumenical Temple
  3153 | Temple   | Became a worshipper of Makhleb the Destroyer
  3201 | D:4      | Found Asumaqi's Weapon Emporium.
  3217 | D:4      | Found Hipp's Antique Armour Boutique.
  3323 | D:4      | Noticed Grinder
  3357 | D:4      | Paralysed by Grinder for 6 turns
  3367 | D:4      | Killed Grinder
  3367 | D:4      | Reached skill level 7 in Axes
  3367 | D:4      | Reached skill level 1 in Dodging
  3367 | D:4      | Reached XP level 7. HP: 31/62 MP: 6/6
  3789 | D:4      | Reached * piety under Makhleb
  4039 | D:5      | Entered Level 5 of the Dungeon
  4309 | D:5      | Reached XP level 8. HP: 66/71 MP: 7/7
  4726 | D:5      | Noticed Dowan
  4727 | D:5      | Noticed Duvessa
  4739 | D:5      | Killed Duvessa
  4739 | D:5      | Reached skill level 8 in Axes
  5091 | D:5      | Killed Dowan
  5827 | D:6      | Reached ** piety under Makhleb
  5827 | D:6      | Reached XP level 9. HP: 81/81 MP: 8/8
  5968 | D:6      | Reached skill level 5 in Dodging
  5991 | D:6      | Reached skill level 9 in Axes
  6859 | D:7      | Found a blossoming altar of Fedhas.
  6912 | D:7      | You fall through a shaft for 2 floors!
  7455 | D:8      | Reached skill level 10 in Axes
  7502 | D:8      | Reached *** piety under Makhleb
  7522 | D:8      | Reached XP level 10. HP: 55/91 MP: 9/9
  7701 | D:8      | Noticed a two-headed ogre
  7721 | D:8      | Killed a two-headed ogre
  7977 | D:8      | Identified the Compendium of Beguiling and the Snowflakes
  8343 | D:8      | Slain by a queen bee

Skill      XL: |  1  2  3  4  5  6  7  8  9 10 |
---------------+-------------------------------+-----
Axes           | 3 4 5 6 7 8 10 | 10.5
Armour         | 4 5 6 7 9 |  9.8
Fighting       | 4 5 6 7 9 |  9.7
Dodging        | 1 2 4 6 7 |  7.2
Shields        | |  3.6

Action                   |  1- 3 |  4- 6 |  7- 9 | 10-12 || total
-------------------------+-------+-------+-------+-------++-------
Melee: War axe           |    92 |   266 |   422 |    61 ||   841
       Headbutt          |     3 |    28 |    67 |    14 ||   112
  Use: Potion            |       |     1 |       |       ||     1
       Scroll            |       |       |     3 |       ||     3
  Eat: Chunk             |       |     8 |    11 |     1 ||    20
       Ration            |       |       |     1 |       ||     1
Armor: Scale mail        |    43 |       |       |       ||    43
       Chain mail        |     4 |   157 |   242 |    32 ||   435
Dodge: Dodged            |    26 |    57 |   141 |    40 ||   264
Block: Shield            |    41 |   126 |   207 |    51 ||   425
